 Dungeon Crawl Stone Soup version 0.29.1-1-gd02db6906a (webtiles) character file.

Game seed: 4640774507643455318

4634 GravelGoth the Fighter (level 10, 0/84 HPs)
             Began as a Demonspawn Fighter on Sept 17, 2022.
             Was an Elder of Okawaru.
             Killed from afar by an acid dragon (12 damage)
             ... with a splash of acid
             ... on level 8 of the Dungeon.
             The game lasted 00:11:03 (7409 turns).

GravelGoth the Fighter (Demonspawn Fighter)         Turns: 7409, Time: 00:11:04

Health: 0/84       AC: 19    Str: 21    XL:     10   Next: 20%
Magic:  14/14      EV:  6    Int:  9    God:    Okawaru [****..]
Gold:   440        SH:  5    Dex: 13    Spells: 9/9 levels left

rFire   + + .      SeeInvis .   p - +10 hand axe of Terror {flame, rF++}
rCold   . . .      Faith    .   c - +0 buckler
rNeg    . . .      Spirit   .   r - +0 plate armour
rPois   .          Reflect  .   b - +0 helmet
rElec   .          Harm     .   y - +1 cloak
rCorr   .          Rampage  .   (no gloves)
Will    .....                   (no boots)
Stlth   ..........              (no amulet)
HPRegen 0.24/turn               z - +4 ring of protection
MPRegen 0.14/turn               (no ring)

@: corroded
A: rugged brown scales 2, spiny 1, demonic magic 1, weakness stinger 2
a: Renounce Religion, Heroism, Finesse


You were on level 8 of the Dungeon.
You worshipped Okawaru.
Okawaru was greatly pleased with you.
You visited 1 branch of the dungeon, and saw 9 of its levels.

You collected 440 gold pieces.

Inventory:

Hand Weapons
 p - the +10 hand axe of Terror (weapon) {flame, rF++}
   (You found it on level 2 of the Dungeon)

   It burns those it strikes, dealing additional fire damage.
   Big, fiery blades are also staple armaments of hydra-hunters.
   rF:        It greatly protects you from fire.
 u - the +7 staff of the Meek {protect, meekguard}
   (You found it on level 4 of the Dungeon)

   It grants its wielder temporary protection when it strikes (+7 to AC).
   It provides extra protection to wielders with little health.
Missiles
 s - 2 throwing nets (quivered)
 C - 5 javelins
Armour
 b - a +0 helmet (worn)
 c - a +0 buckler (worn)
 r - a +0 plate armour (worn)
 y - a +1 cloak (worn)
Jewellery
 n - an amulet of faith
 z - a +4 ring of protection (left hand)
 J - a ring of poison resistance
Wands
 B - a wand of quicksilver (12)
 H - a wand of flame (17)
Scrolls
 a - 2 scrolls of enchant armour {unknown}
 f - a scroll of blinking {unknown}
 h - 9 scrolls of identify {unknown}
 i - 6 scrolls of teleportation {unknown}
 k - 2 scrolls of amnesia {unknown}
 m - a scroll of summoning {unknown}
 o - 2 scrolls of magic mapping {unknown}
 q - 2 scrolls of poison {unknown}
 t - a scroll of fear {unknown}
 w - 3 scrolls of enchant weapon {unknown}
 x - a scroll of immolation {unknown}
 E - a scroll of silence {unknown}
Potions
 d - 4 potions of might
 e - 2 potions of flight {unknown}
 g - 3 potions of curing {unknown}
 j - 2 potions of brilliance {unknown}
 l - 2 potions of mutation {unknown}
 v - 3 potions of heal wounds {unknown}
 A - 2 potions of degeneration {unknown}
 D - a potion of ambrosia {unknown}
 F - 2 potions of attraction {unknown}
 G - 2 potions of haste {unknown}
 I - 2 potions of cancellation {unknown}
 K - a potion of magic {unknown}


   Skills:
 * Level 8.2 Fighting
 * Level 6.6(6.8) Axes
 - Level 2.2(4.7) Maces & Flails
 * Level 7.4 Armour
 + Level 5.7 Shields
 + Level 6.2 Invocations


You had 9 spell levels left.
You didn't know any spells.
Your spell library contained the following spells:

 Spells                   Type           Power      Damage    Failure   Level
 Beastly Appendage        Tmut           0%         N/A       100%        1
 Shock                    Conj/Air       0%         1d3       100%        1
 Blink                    Tloc           0%         N/A       100%        2
 Poisonous Vapours        Pois/Air       0%         N/A       100%        2
 Wereblood                Tmut           0%         N/A       100%        2
 Conjure Flame            Conj/Fire      0%         6-21      100%        3
 Gell's Gravitas          Tloc           0%         N/A       100%        3
 Ignite Poison            Fire/Tmut/Pois 0%         N/A       100%        3
 Spider Form              Tmut/Pois      0%         N/A       100%        3
 Swiftness                Air            0%         N/A       100%        3
 Teleport Other           Tloc           0%         N/A       100%        3
 Airstrike                Air            0%         2d(0-16)  100%        4
 Corpse Rot               Necr/Pois/Air  0%         N/A       100%        4
 Sticky Flame             Conj/Fire      0%         2d3       100%        4
 Manifold Assault         Tloc           0%         N/A       100%        5
 Dispersal                Tloc           0%         N/A       100%        6
 Storm Form               Tmut/Air       0%         N/A       100%        7


Dungeon Overview and Level Annotations

Branches:
Dungeon (9/15)             Temple (0/1) D:4            Lair (0/5) D:8
    Orc: D:9-12

Altars:
Dithmenos
Hepliaklqana
Makhleb
Okawaru
Qazlal

Shops:
D:1 :

Annotations:
D:3 1 runed translucent door, Crazy Yiuf


Innate Abilities, Weirdness & Mutations

You are mostly covered in rugged brown scales. (AC +2, +5% HP)
You are partially covered in sharp spines.
Spells you cast may paralyse adjacent enemies.
You have a tail ending in a sharp stinger.


Message History

The acid dragon bites you!
The acid dragon claws you but does no damage.
You hit the acid dragon. You burn the acid dragon.
You tail-slap the acid dragon.
The acid dragon is heavily wounded.
You closely miss the wight. The acid dragon spits acid at you.
The splash of acid hits you!! The acid corrodes you!
The wight hits you but does no damage.
You hear a shout!
You hit the acid dragon. You burn the acid dragon.
The acid dragon is severely wounded.
You barely miss the wight. You block the wight's attack.
The acid dragon bites you but does no damage.
You block the acid dragon's attack.
You barely miss the acid dragon.
The acid dragon is severely wounded.
You hit the wight but do no damage.
The wight hits you with a +4 great sword.
The acid dragon bites you but does no damage.
The acid dragon claws you but does no damage.
You closely miss the acid dragon.
The acid dragon is severely wounded.
You barely miss the wight.
A cyclops comes into view.
You block the acid dragon's attack.
The acid dragon claws you but does no damage.
The wight is struck by your spines. The wight hits you but does no damage.
You hit the acid dragon. You burn the acid dragon.
The acid dragon is almost dead.
You hit the wight. You burn the wight.
The acid dragon bites you but does no damage.
The acid dragon claws you but does no damage.
The wight is struck by your spines. The wight hits you but does no damage.
The cyclops throws a large rock.
The large rock hits you!!
* * * LOW HITPOINT WARNING * * *
Okay, then.
The acid dragon spits acid at you. The splash of acid hits you!
You die...

.....# #....# .....#
#....# §§§§.########
#....# §§§.........#
#....# ###+#.......#
#....# #
#.#.......###....# .#
#..)......'.)....##.#
###.......###.......##?
#.......# ##@........
#.......# #.......##.
#.......# #.Dz....#
#.......###.......#
#.......<.+.......#
#.<.....###.......#
######### #.......#
#C......# ...#.....#


You could see a cyclops, an acid dragon (catching breath) and a wight.

Vanquished Creatures
  Psyche (D:8)
  A hornet (D:7)
  3 wyverns
  4 yaks
  5 water moccasins
  3 orc warriors
  2 sky beasts
  An ogre (D:5)
  3 ice beasts
  A black bear (D:4)
  A centaur (D:8)
  A phantom (D:6)
  A kobold brigand (D:7)
  2 bullfrogs
  4 necrophages
  A scorpion (D:4)
  3 wights (D:8)
  3 howler monkeys
  A hound (D:7)
  2 gnoll boudas
  4 jellies
  3 orc priests
  9 orc wizards
  2 iguanas
  14 gnolls
  5 adders
  3 white imps
  2 ufetubi
  3 worms
  2 dart slugs
  18 orcs
  4 bats
  3 endoplasms (D:3)
  2 giant cockroaches
  2 goblins
  4 hobgoblins
  8 jackals
  2 quokkas
  8 ball pythons
  2 frilled lizards (D:1)
  8 kobolds
  5 rats
156 creatures vanquished.

Vanquished Creatures (others)
  2 orcs (D:8)
  A fungus (D:8)
  9 plants (D:8)
12 creatures vanquished.

Grand Total: 168 creatures vanquished

Notes
Turn   | Place    | Note
-------+----------+-------------------------------------------
     0 | D:1      | GravelGoth the Demonspawn Fighter began the quest for the
                  | Orb.
     0 | D:1      | Reached XP level 1. HP: 18/18 MP: 1/1
   226 | D:1      | Found Quczu's Book Boutique.
   583 | D:1      | Gained mutation: You are partially covered in sharp spines.
                  | [demonic ancestry]
   583 | D:1      | Reached XP level 2. HP: 19/24 MP: 2/2
   655 | D:1      | Found a faded altar of an unknown god.
  1108 | D:2      | Identified the +10 hand axe of Terror {flame, rF++}
  1259 | D:2      | Gained mutation: You are partially covered in rugged brown
                  | scales. (AC +1, +3% HP) [demonic ancestry]
  1259 | D:2      | Reached XP level 3. HP: 24/29 MP: 3/3
  1826 | D:3      | Found a hazy altar of Hepliaklqana.
  1908 | D:3      | Found a runed translucent door.
  1909 | D:3      | Noticed Crazy Yiuf
  1949 | D:3      | Noticed a sky beast
  1956 | D:3      | Killed a sky beast
  1957 | D:3      | Reached skill level 1 in Axes
  1957 | D:3      | Gained mutation: Spells you cast may paralyse adjacent
                  | enemies. [demonic ancestry]
  1957 | D:3      | Reached XP level 4. HP: 38/38 MP: 4/4
  1957 | D:3      | Reached XP level 5. HP: 43/43 MP: 5/5
  2185 | D:3      | Found an iron altar of Okawaru.
  2303 | D:3      | Became a worshipper of Warmaster Okawaru
  2434 | D:4      | Reached skill level 4 in Fighting
  2560 | D:4      | Noticed a black bear
  2565 | D:4      | Killed a black bear
  2566 | D:4      | Reached skill level 1 in Invocations
  2566 | D:4      | Gained mutation: You have a small tail. [demonic ancestry]
  2566 | D:4      | Reached XP level 6. HP: 43/50 MP: 5/7
  3113 | D:4      | Found a large runed translucent door.
  3113 | D:4      | Found a large runed translucent door.
  3231 | D:4      | Noticed a water elemental
  3235 | D:4      | Found a stormy altar of Qazlal.
  3237 | D:4      | Noticed an air elemental
  3237 | D:4      | Noticed a fire elemental
  3333 | D:4      | Reached * piety under Okawaru
  3390 | D:4      | Found a staircase to the Ecumenical Temple.
  3413 | D:4      | Reached XP level 7. HP: 56/56 MP: 8/8
  3501 | D:4      | Found the +7 staff of the Meek {protect, meekguard}
  3804 | D:4      | Reached skill level 5 in Fighting
  3810 | D:4      | Found a burning altar of Makhleb.
  3839 | D:5      | Entered Level 5 of the Dungeon
  4215 | D:5      | Reached skill level 5 in Armour
  4351 | D:5      | Gained mutation: You are mostly covered in rugged brown
                  | scales. (AC +2, +5% HP) [demonic ancestry]
  4351 | D:5      | Reached XP level 8. HP: 26/66 MP: 10/10
  4988 | D:6      | Reached ** piety under Okawaru
  5255 | D:6      | Reached skill level 6 in Fighting
  5809 | D:7      | Noticed a hornet
  5814 | D:7      | Killed a hornet
  5994 | D:7      | Reached XP level 9. HP: 74/74 MP: 12/12
  5996 | D:7      | Reached skill level 5 in Axes
  6116 | D:7      | Reached *** piety under Okawaru
  6138 | D:7      | Reached skill level 5 in Shields
  6568 | D:8      | Reached skill level 7 in Fighting
  6569 | D:8      | Reached skill level 5 in Invocations
  6579 | D:8      | Noticed Psyche
  6590 | D:9      | Reached **** piety under Okawaru
  7095 | D:8      | Found a staircase to the Lair.
  7170 | D:8      | Gained mutation: You have a tail ending in a sharp stinger.
                  | [demonic ancestry]
  7170 | D:8      | Reached XP level 10. HP: 73/84 MP: 14/14
  7173 | D:8      | Killed Psyche
  7174 | D:8      | Reached skill level 8 in Fighting
  7304 | D:8      | Found a shadowy altar of Dithmenos.
  7405 | D:8      | Noticed a cyclops
  7409 | D:8      | Killed from afar by an acid dragon

Illustrated notes

Levels and vault maps discovered:
D:1:      onia_arrival_mini_maze_b, layout_rooms,
          hellmonk_ecumenical_altar_defaced_shrine, serial_shops, shop,
          serial_rivers, chequers_serial_rivers_small_b,
          chequers_serial_rivers_small_a, chequers_serial_rivers_micro_b,
          chequers_serial_rivers_micro_c
D:2:      layout_rooms, hangedman_decor_slide_cut
D:3:      layout_rooms, lemuel_round_altar, mainiacjoe_overflow_tiny_flanked,
          uniq_crazy_yiuf_cottage
D:4:      layout_basic, jmf_multi_god_temple2, mainiacjoe_overflow_boulevard,
          nicolae_qazlal_style_of_elements, lemuel_temple_firewalk_b,
          serial_glass, glass_columns_b, glass_columns_a, pf_guarded_unrand_meek
D:5:      layout_loops_corners, minmay_stone_trees_small, nicolae_titane
D:6:      layout_loops_ring
D:7:      layout_loops_ring, sigmund_army
D:8:      layout_basic, grunt_dithmenos_smoke,
          lemuel_mausoleum_altar_yredelemnul, minmay_lair_entry_grove,
          dk_noncrumbling_3, kb_rosetta, uniq_psyche
D:9:      layout_long_grid, hiddenorc2_lemuel, dreamdust_gnoll_shepherd,
          uniq_amaemon

Skill      XL: |  1  2  3  4  5  6  7  8  9 10 |
---------------+-------------------------------+-----
Maces & Flails | 2 |  2.2
Armour         | 3 4 5 6 7 |  7.4
Shields        | 3 4 5 |  5.7
Axes           | 1 2 3 4 6 |  6.6
Fighting       | 4 5 6 7 8 |  8.2
Invocations    | 1 2 3 4 5 6 |  6.2

Action                   |  1- 3 |  4- 6 |  7- 9 | 10-12 || total
-------------------------+-------+-------+-------+-------++-------
Melee: Flail             |    58 |       |       |       ||    58
       Hand axe          |    19 |    49 |   170 |    25 ||   263
       Tailslap          |       |     1 |    20 |     4 ||    25
Armor: Scale mail        |    31 |       |       |       ||    31
       Chain mail        |     5 |       |       |       ||     5
       Plate armour      |     4 |    35 |   102 |    20 ||   161
Dodge: Dodged            |    22 |    14 |    43 |       ||    79
Block: Buckler           |    15 |    11 |    43 |     8 ||    77
